 Dungeon Crawl Stone Soup version 0.29.1-1-gd02db6906a (webtiles) character file.

Game seed: 14705473173576200382

9 smilodon the Grave Robber (level 2, -4/19 HPs)
             Began as a Mummy Necromancer on Oct 7, 2022.
             Slain by a goblin
             ... wielding a +0 club
             ... led by Robin
              (6 damage)
             ... on level 2 of the Dungeon.
             The game lasted 00:02:23 (1036 turns).

smilodon the Grave Robber (Mummy Necromancer)       Turns: 1036, Time: 00:02:24

Health: -4/19      AC:  2    Str: 11    XL:     2   Next: 6%
Magic:  4/6        EV: 12    Int: 14    God:
Gold:   93         SH:  0    Dex: 12    Spells: 6/7 levels left

rFire   x . .      SeeInvis .   (no weapon)
rCold   + . .      Faith    .   (no shield)
rNeg    + + +      Spirit   .   a - +0 robe
rPois   ∞          Reflect  .   (no helmet)
rElec   .          Harm     .   (no cloak)
rCorr   .          Rampage  .   (no gloves)
Will    .....                   (no boots)
Stlth   ++........              (no amulet)
HPRegen 0.06/turn               (no ring)
MPRegen 0.10/turn               (no ring)

@: no status effects
A: cold resistance 1, negative energy resistance 3, torment resistance 2, heat
vulnerability 1, no potions
a: no special abilities


You were on level 2 of the Dungeon.
You visited 1 branch of the dungeon, and saw 2 of its levels.

You collected 93 gold pieces.

Inventory:

Armour
 a - a +0 robe (worn)


   Skills:
 - Level 1.7 Dodging
 - Level 1.7 Stealth
 + Level 3.0 Spellcasting
 + Level 4.1 Necromancy


You had 6 spell levels left.
You knew the following spells:

 Your Spells              Type           Power      Damage    Failure   Level
a - Necrotise             Necr           52%        1d6       4%          1

Your spell library contained the following spells:

 Spells                   Type           Power      Damage    Failure   Level
 Vampiric Draining        Necr           13%        2d6       12%         3
 Animate Dead             Necr           13%        N/A       36%         4
 Agony                    Necr           13%        N/A       73%         5
 Beastly Appendage        Tmut           Unusable   N/A       N/A         1
 Wereblood                Tmut           Unusable   N/A       N/A         2
 Spider Form              Tmut/Pois      Unusable   N/A       N/A         3

Dungeon Overview and Level Annotations

Branches:
Dungeon (2/15)

Altars:

Annotations:
D:2 Robin


Innate Abilities, Weirdness & Mutations

You are immune to poison.
Your flesh is cold resistant. (rC+)
You are immune to negative energy. (rN+++)
You are immune to unholy pain and torment.
You are vulnerable to heat. (rF-)
You do not drink.


Message History

Robin and an adder come into view.
Robin shouts!
The adder hisses angrily.
You hear a shout! x2
A goblin comes into view. It is wielding a +0 club.
A goblin comes into view. It is wielding a +0 dagger.
Robin roars a battlecry!
The goblins go into a battle-frenzy!
The adder moves out of view.
The goblin shouts!
A hobgoblin and a goblin come into view.
You hear a shout! x3
A goblin comes into view. It is wielding a +3 dagger.
A goblin comes into view. It is wielding a +0 dagger. x2
Robin says, "Feeling lonely?"
Robin throws the goblin at you!
Aiming: Necrotise (safe; 4% risk of failure)
Press: ? - help, Q - select action Shift-Dir - straight line, f - goblin
Aim: a goblin, wielding a +0 club (strong, ally target, chance to affect: 83%)
The goblin barely resists.
Your kobold skeleton hits the goblin.
The goblin hits you with a +0 club.
A goblin comes into view. It is wielding a +0 club.
An endoplasm comes into view.
Robin throws the goblin at you!
A goblin comes into view. It is wielding a +0 club.
Aiming: Necrotise (safe; 4% risk of failure)
Press: ? - help, Q - select action Shift-Dir - straight line, f/p - goblin
Aim: a goblin, wielding a +0 club (moderately wounded, strong, ally target, chance to affect: 83%)
The goblin writhes in agony.
You kill the goblin!
The endoplasm quivers.
The dead are walking!
Your kobold skeleton closely misses the goblin.
The goblin closely misses you. Robin throws the goblin at you!
The goblin closely misses you. The goblin barely misses you.
You swap places.
Your kobold skeleton hits the goblin.
The goblin hits you with a +0 club. The goblin hits you with a +0 dagger.
* * * LOW HITPOINT WARNING * * *
The goblin hits your kobold skeleton with a +0 club.
You can't drink.
The goblin hits you with a +0 club.
You die...

## ... ####J.#
#####... .#
.g.#...)g###.####
..Sgg.ZZg........
.gg####.g......#
#@.<.....#
#).........
####....#..
....... #.####.
.# ##


You could see 3 goblins, a friendly goblin skeleton and a friendly kobold
skeleton.

Vanquished Creatures
  2 endoplasms (D:1)
  A giant cockroach (D:1)
  A ball python (D:1)
  2 frilled lizards (D:1)
  A goblin (D:2)
  3 kobolds
  A rat (D:1)
11 creatures vanquished.

Notes
Turn   | Place    | Note
-------+----------+-------------------------------------------
     0 | D:1      | smilodon the Mummy Necromancer began the quest for the Orb.
     0 | D:1      | Reached XP level 1. HP: 13/13 MP: 4/4
   316 | D:1      | Found a faded altar of an unknown god.
   888 | D:1      | Reached XP level 2. HP: 19/19 MP: 4/6
  1031 | D:2      | Noticed Robin
  1036 | D:2      | Slain by a goblin

Illustrated notes

Levels and vault maps discovered:
D:1:      dpeg_arrival_pond, layout_loops_corners,
          nicolae_ecumenical_lake_church
D:2:      layout_rooms, minmay_snake_closets, uniq_terence, uniq_robin

Skill      XL: |  1 |
---------------+----+-----
Spellcasting   | 3 |  3.0
Dodging        | |  1.7
Stealth        | |  1.7
Necromancy     | |  4.1

Action                   || total
-------------------------++-------
 Cast: Necrotise         ||    15
  Use: Scroll            ||     2
Dodge: Dodged            ||     3
